 Dungeon Crawl Stone Soup version 0.30.1-11-g7821555f0a (webtiles) character file.

Game seed: 8944007835277731325

399327 kamileon1 the Sage (level 23, -1/184 HPs)
             Began as a Gnoll Hedge Wizard on Nov 27, 2023.
             Was a High Priest of Sif Muna.
             Splashed by the Royal Jelly's acid (4 damage)
             ... while paralysed by a great orb of eyes
             ... on level 5 of the Pits of Slime on Jan 10, 2024.
             The game lasted 04:41:34 (78653 turns).

kamileon1 the Sage (Gnoll Hedge Wizard)            Turns: 78653, Time: 04:41:35

Health: -1/184     AC: 19    Str: 12    XL:     23   Next: 27%
Magic:  34/40      EV:  2    Int: 21    God:    Sif Muna [*****.]
Gold:   4795       SH:  0    Dex: 16    Spells: 5/56 levels left

rFire   . . .        a - +8 demon blade (venom)
rCold   + + +        v - +0 kite shield
rNeg    + . .        o - +0 ice dragon scales
rPois   .            (helmet restricted)
rElec   .            c - scarf {rC+ rF+}
rCorr   +            Z - +2 pair of gloves "Vatiuph" {rN+ Dex+3}
SInv    .            P - +2 pair of boots
Will    .....        V - amulet of regeneration
Stlth   +++++        W - ring of resist corrosion
HPRegen 1.30/turn    Q - +5 ring of evasion
MPRegen 0.27/turn

%: random rage (3%)
@: paralysed, about to teleport, weak-willed, corroded
A: fangs 1, strong nose, distributed training, horns 1, berserk 1, low MP 1,
sense surroundings 1
}: 2/15 runes: decaying, gossamer
a: Renounce Religion, Channel Magic, Forget Spell, Divine Exegesis


You were on level 5 of the Pits of Slime.
You worshipped Sif Muna.
Sif Muna was extremely pleased with you.
You visited 9 branches of the dungeon, and saw 44 of its levels.
You visited the Abyss 1 time.
You also visited: Gauntlet.

You collected 6481 gold pieces.
You spent 1686 gold pieces at shops.

Inventory:

Hand Weapons
 a - a +8 demon blade of venom (weapon)
Missiles
 u - 2 throwing nets
 N - a curare-tipped dart
Armour
 b - a +2 helmet of intelligence
 c - a scarf of resistance (worn)
 o - +0 ice dragon scales (worn)
 v - a +0 kite shield (worn)
 P - a +2 pair of boots (worn)
 Z - the +2 pair of gloves "Vatiuph" (worn) {rN+ Dex+3}
   (You found it on level 2 of the Lair of Beasts)

   Dex:       It affects your dexterity (+3).
   rN:        It protects you from negative energy.
Jewellery
 i - the ring of Tomorrow {Ice rPois}
   (You took it off a necromancer on level 14 of the Dungeon)

   [ring of ice]

   It enhances your ice magic.
   rF:        It makes you vulnerable to fire.
   rC:        It protects you from cold.
   rPois:     It protects you from poison.
 k - a ring of see invisible
 y - a ring of protection from fire
 L - the amulet of Fuvevuwn {Reflect rElec SH+5 SInv}
   (You found it on level 7 of the Dungeon)

   [amulet of reflection]

   It reflects blocked missile attacks.
   rElec:     It insulates you from electricity.
   SInv:      It lets you see invisible.
   SH:        It affects your SH (+5).
 Q - a +5 ring of evasion (right hand)
 R - a ring of protection from cold
 V - an amulet of regeneration (around neck)
 W - a ring of resist corrosion (left hand)
Wands
 h - a wand of polymorph (7)
 s - a wand of flame (60)
 F - a wand of charming (25)
 H - a wand of iceblast (14)
 M - a wand of light (4)
 Y - a wand of mindburst (16)
Scrolls
 j - 6 scrolls of teleportation
 l - 4 scrolls of immolation
 m - 7 scrolls of fear
 q - 5 scrolls of silence
 r - a scroll of enchant weapon
 x - 2 scrolls of blinking
 z - 4 scrolls of fog
 A - 4 scrolls of amnesia
 D - 2 scrolls of torment
 E - 3 scrolls of vulnerability
 T - 4 scrolls of magic mapping
Potions
 e - 7 potions of ambrosia
 f - 15 potions of curing
 g - a potion of invisibility
 n - 11 potions of might
 t - a potion of resistance
 w - 10 potions of mutation
 B - 7 potions of attraction
 C - 9 potions of magic
 G - 13 potions of flight
 I - 9 potions of brilliance
 J - 2 potions of haste
 K - 3 potions of berserk rage
 O - 8 potions of lignification
 U - 5 potions of heal wounds
 X - a potion of cancellation
Miscellaneous
 d - a box of beasts
 p - a phial of floods
 S - a phantom mirror


   Skills:
 + Level 16.1 Fighting
 + Level 16.1 Short Blades
 + Level 16.1 Long Blades
 + Level 16.1 Axes
 + Level 16.1 Maces & Flails
 + Level 16.1 Polearms
 + Level 16.1 Staves
 + Level 16.1 Ranged Weapons
 + Level 16.1 Throwing
 + Level 16.1 Armour
 + Level 16.7 Dodging
 + Level 16.6 Stealth
 + Level 16.1 Shields
 + Level 16.1 Unarmed Combat
 + Level 17.4 Spellcasting
 + Level 13.9 Conjurations
 + Level 13.7 Hexes
 + Level 13.9 Summonings
 + Level 13.7 Necromancy
 + Level 13.9 Translocations
 + Level 13.7 Transmutations
 + Level 13.7 Fire Magic
 + Level 13.7 Ice Magic
 + Level 13.7 Air Magic
 + Level 13.7 Earth Magic
 + Level 13.7 Poison Magic
 + Level 17.4 Invocations
 + Level 16.1 Evocations


You had 5 spell levels left.
You knew the following spells:

 Your Spells              Type           Power      Damage    Failure   Level
a - Freezing Cloud        Conj/Ice/Air   33%        6-21      1%          5
b - Irradiate             Conj/Tmut      33%        3d22      1%          5
c - Olgreb's Toxic Radia  Pois           66%        N/A       1%          4
d - Borgnjor's Vile Clut  Necr/Erth      33%        N/A       1%          5
e - Iskenderun's Mystic   Conj/Tloc      67%        2d14      1%          4
f - Summon Mana Viper     Hex/Summ       66%        N/A       1%          5
g - Yara's Violent Unrav  Hex/Tmut       33%        3d14      1%          5
i - Passage of Golubria   Tloc           67%        N/A       1%          4
j - Dispel Undead         Necr           66%        3d23      1%          4
x - Animate Dead          Necr           66%        N/A       1%          4
z - Summon Lightning Spi  Summ/Air       66%        N/A       1%          4
B - Blink                 Tloc           100%       N/A       1%          2

Your spell library contained the following spells:

 Spells                   Type           Power      Damage    Failure   Level
 Foxfire                  Conj/Fire      100%       2x1d9     1%          1
 Kiss of Death            Conj/Necr      100%       2d13      1%          1
 Magic Dart               Conj           100%       1d8       1%          1
 Necrotise                Necr           100%       1d9       1%          1
 Slow                     Hex            100%       N/A       1%          1
 Sting                    Tmut/Pois      100%       1d8       1%          1
 Summon Small Mammal      Summ           100%       N/A       1%          1
 Call Imp                 Summ           100%       N/A       1%          2
 Cigotuvi's Dreadful Rot  Necr/Pois/Air  100%       N/A       1%          2
 Ensorcelled Hibernation  Hex/Ice        100%       N/A       1%          2
 Lesser Beckoning         Tloc           100%       N/A       1%          2
 Momentum Strike          Conj/Tloc      100%       3d10      1%          2
 Passwall                 Tmut/Erth      55%        N/A       1%          2
 Poisonous Vapours        Pois/Air       100%       N/A       1%          2
 Static Discharge         Conj/Air       100%       2-7/arc   1%          2
 Sublimation of Blood     Necr           66%        N/A       1%          2
 Call Canine Familiar     Summ           67%        N/A       1%          3
 Confusing Touch          Hex            66%        N/A       1%          3
 Gell's Gravitas          Tloc           67%        N/A       1%          3
 Hailstorm                Conj/Ice       66%        3d14      1%          3
 Inner Flame              Hex/Fire       66%        N/A       1%          3
 Mephitic Cloud           Conj/Pois/Air  66%        N/A       1%          3
 Spider Form              Tmut/Pois      66%        N/A       1%          3
 Stone Arrow              Conj/Erth      100%       3d13      1%          3
 Summon Guardian Golem    Hex/Summ       66%        N/A       1%          3
 Swiftness                Air            66%        N/A       1%          3
 Teleport Other           Tloc           67%        N/A       1%          3
 Tukima's Dance           Hex            66%        N/A       1%          3
 Vhi's Electric Charge    Tloc/Air       100%       N/A       1%          3
 Airstrike                Air            33%        2d(5-21)  1%          4
 Anguish                  Hex/Necr       33%        N/A       1%          4
 Animate Armour           Summ/Erth      100%       N/A       1%          4
 Cause Fear               Hex            33%        N/A       1%          4
 Flame Wave               Conj/Fire      66%        2d15      1%          4
 Fulminant Prism          Conj/Hex       33%        3d16      1%          4
 Ice Form                 Ice/Tmut       66%        N/A       1%          4
 Leda's Liquefaction      Hex/Erth       33%        N/A       1%          4
 Petrify                  Tmut/Erth      66%        N/A       1%          4
 Sticky Flame             Conj/Fire      66%        2d8       1%          4
 Summon Ice Beast         Ice/Summ       66%        N/A       1%          4
 Alistair's Intoxication  Tmut/Pois      44%        N/A       1%          5
 Arcjolt                  Conj/Air       33%        1d43      1%          5
 Blade Hands              Tmut           33%        N/A       1%          5
 Fireball                 Conj/Fire      33%        3d14      1%          5
 Silence                  Hex/Air        33%        N/A       1%          5
 Summon Forest            Summ/Tloc      33%        N/A       1%          5
 Conjure Ball Lightning   Conj/Air       33%        3x3d11    11%         6
 Dispersal                Tloc           33%        N/A       11%         6
 Iron Shot                Conj/Erth      33%        9d7       11%         6
 Starburst                Conj/Fire      33%        6d10      11%         6
 Death Channel            Necr           33%        N/A       12%         6
 Eringya's Noxious Bog    Tmut/Pois      33%        N/A       12%         6
 Plasma Beam              Fire/Air       33%        2x1d50    12%         6
 Simulacrum               Ice/Necr       33%        N/A       12%         6
 Statue Form              Tmut/Erth      44%        N/A       12%         6
 Haunt                    Necr/Summ      33%        N/A       52%         7
 Malign Gateway           Summ/Tloc      33%        N/A       52%         7
 Monstrous Menagerie      Summ           33%        N/A       52%         7
 Summon Hydra             Summ           33%        N/A       52%         7
 Dragon Form              Tmut           33%        N/A       54%         7
 Storm Form               Tmut/Air       33%        N/A       54%         7
 Borgnjor's Revivificati  Necr           33%        N/A       99%         8
 Discord                  Hex            33%        N/A       99%         8
 Ignition                 Fire           33%        3d10      99%         8
 Lehudib's Crystal Spear  Conj/Erth      33%        10d8      99%         8
 Maxwell's Capacitive Co  Air            33%        ∞         99%         8
 Necromutation            Tmut/Necr      33%        N/A       99%         8
 Chain Lightning          Conj/Air       33%        3d44      100%        9
 Dragon's Call            Summ           33%        N/A       100%        9
 Fire Storm               Conj/Fire      33%        8d8       100%        9


Dungeon Overview and Level Annotations

Branches:
Dungeon (15/15)            Temple (1/1) D:6            Lair (5/5) D:8
  Swamp (4/4) Lair:3       Spider (4/4) Lair:3        Slime (5/5) Lair:5
    Orc (2/2) D:11            Elf (0/3) Orc:2        Vaults (4/5) D:13
  Crypt (0/3) Vaults:2     Depths (4/4) D:15            Zot (0/5) Depths:4
Gauntlet (visited)

Altars:
Ashenzari
Cheibriados
Dithmenos
Elyvilon
Fedhas
Gozag
Hepliaklqana
Kikubaaqudgha
Makhleb
Nemelex Xobeh
Okawaru
Qazlal
Ru
Sif Muna
Trog
Uskayaw
Vehumet
Wu Jian
Xom
Yredelemnul
Zin
The Shining One
Jiyva

Shops:
D:1 :[   D:7 [   D:9 [   D:13 :   Orc:2 [=[[   Depths:1 *   Depths:2 ***

Portals:
Hell: Depths:1 Depths:2 Depths:3 Depths:4
Abyss: Depths:4
Pandemonium: Depths:2
Ziggurat: Depths:3

Annotations:
Slime:3 Dissolution
Slime:5 Royal Jelly
Depths:2 Mara


Innate Abilities, Weirdness & Mutations

You have very sharp teeth.
Your uncanny sense of smell can sniff out nearby items.
Your experience applies equally to all skills.
You have a pair of small horns on your head.
You sometimes lose your temper in combat.
Your magical capacity is low. (-10% MP)
You passively map a small area around you.


Message History

The Royal Jelly resists with almost no effort.
The Royal Jelly hits you!
You are splashed with acid.
You resist. The Royal Jelly barely misses you.
The great orb of eyes bites you but does no damage.
The Royal Jelly hits you but does no damage.
The Royal Jelly misses you.
Unknown command.
Aiming: Polymorph
Press: ? - help, Shift-Dir - straight line, f/p - Royal Jelly
Aim: the Royal Jelly (weak-willed, will become a titan, a fire giant, or a rockslime, chance to affect: 22%)
The Royal Jelly resists with almost no effort.
The great orb of eyes gazes at you.
You feel your power leaking away. The Royal Jelly hits you!!
The acid corrodes you!
You are splashed with acid.
You resist. You block the Royal Jelly's attack.
Unknown command.
Okay, then.
As you read the scroll of teleportation, it crumbles to dust.
You feel strangely unstable. You block the Royal Jelly's attack.
The Royal Jelly hits you!!
You are splashed with acid.
You resist. The great orb of eyes bites you. The Royal Jelly hits you!!
You are splashed with acid.
You resist. The Royal Jelly completely misses you.
Aiming: Polymorph
Press: ? - help, Shift-Dir - straight line, f/p - Royal Jelly
Aim: the Royal Jelly (weak-willed, will become a titan, a fire giant, or a rockslime, chance to affect: 22%)
The Royal Jelly resists with almost no effort.
The great orb of eyes gazes at you.
You suddenly lose the ability to move!
The Royal Jelly hits you!!
* * * LOW HITPOINT WARNING * * *
You are splashed with acid.
You resist.
* * * LOW HITPOINT WARNING * * *
The Royal Jelly hits you!
* * * LOW HITPOINT WARNING * * *
You are splashed with acid.
You resist.
* * * LOW HITPOINT WARNING * * *
The Royal Jelly hits you but does no damage.
The Royal Jelly hits you!
* * * LOW HITPOINT WARNING * * *
You are splashed with acid.
You resist.
You die...

###.................##
*..................##)
#................###(
##.................###
##.................####
#...................#..
##.....................#
#......GJ............###
##.....@.............###
#....................##)
#....................##)
#....................###
##.....................#
###...................#
#....................
##...................
##...................


You could see the Royal Jelly (weak-willed) and a great orb of eyes
(weak-willed).

Vanquished Creatures
  A juggernaut (Depths:3)
  the Lernaean hydra (Swamp:4)
  A caustic shrike (Depths:3)
  A golden dragon (Depths:3)
  Arachne (Spider:2)
  Jorgrun (D:15)
  A lich (D:14)
  A tentacled monstrosity (Depths:3)
  Asterion (Depths:2)
  Mlioglotl (Spider:1)
  12 acid blobs
  A walking frostbound tome (Depths:3)
  Frances (D:13)
  A tentacled starspawn (Abyss:3)
  3 sphinxes
  The ghost of jfcaron the Impaler, an adept GnBe of Trog (Spider:4)
  Kirke (Swamp:3)
  2 shadow dragons
  4 azure jellies
  A draconian monk (Depths:4)
  2 iron dragons
  A fenstrider witch (Swamp:1)
  The ghost of Amadud the Skirmisher, a journeyman GnWn of Zin (D:14)
  4 rockslimes
  13 vault wardens
  Aizul (Spider:1)
  8 emperor scorpions
  8 fire giants
  6 ghost moths
  A deep elf sorcerer (Vaults:4)
  7 frost giants
  A draconian shifter (Depths:4)
  An orc warlord (Vaults:3)
  6 quicksilver oozes
  8 ironbound preservers
  A spriggan defender (Depths:3)
  7 stone giants
  A broodmother (Spider:2)
  A reaper (Depths:2)
  7 very ugly things
  2 eleionomae (Swamp:4)
  4 war gargoyles
  7 dire elephants
  7 vampire knights
  4 ironbound thunderhulks
  2 putrid mouths (Depths:2)
  Azrael (D:14)
  A purple draconian (Depths:4)
  2 pale draconians (Depths:4)
  The ghost of Okkudo the Fighter, a journeyman HOFi of Beogh (D:12)
  2 yellow draconians (Depths:4)
  4 bunyips
  3 spark wasps (Depths:2)
  2 white draconians (Depths:4)
  Snorg (D:14)
  4 fire dragons
  A crystal guardian (Vaults:2)
  An eidolon (Vaults:2)
  4 jiangshi
  2 very ugly thing zombies (Depths:4)
  4 ettins
  A salamander tyrant (Depths:4)
  7 entropy weavers
  7 yaktaur captains
  23 hydras
  5 great orbs of eyes
  2 vault guards (Vaults:3)
  8 ice dragons
  3 ogre magi
  3 peacekeepers
  2 ghost crabs
  3 radroaches
  A jorogumo (Spider:1)
  A spriggan skeleton (Abyss:3)
  6 ironbound frosthearts
  2 spriggan air magi
  10 two-headed ogres
  15 centaur warriors
  7 boulder beetles
  5 tengu warriors
  6 alligators
  4 death yaks (Lair:5)
  7 deep troll shamans
  A vampire mage (Depths:4)
  A spriggan berserker (Depths:2)
  Urug (D:13)
  6 deep troll earth magi
  7 hell knights (Depths:3)
  2 skeletal warriors (D:14)
  Amaemon (D:8)
  3 iron trolls
  A sixfirhy (Depths:2)
  3 pharaoh ants
  3 goliath frogs
  43 deep trolls
  An orb spider (shapeshifter) (Depths:2)
  3 spriggan druids
  3 skysharks
  12 swamp dragons
  A flayed ghost (Depths:2)
  12 orb spiders
  3 glowing orange brains
  13 bog bodies
  3 orc knights
  5 lindwurms
  14 ironbound convokers
  5 necromancers
  5 deep elf pyromancers
  7 wizards
  6 steelbarb worms
  21 ugly things
  2 orc sorcerers
  16 wolf spiders
  3 will-o-the-wisps
  4 shining eyes
  4 salamanders (Depths:4)
  6 cyclopes
  5 manticores
  4 moths of wrath
  Joseph (D:7)
  Maurice (D:9)
  14 vault sentinels
  2 eyes of devastation
  2 naga magi (D:15)
  3 black mambas
  An orange demon (D:8)
  8 demonic crawlers
  9 cane toads
  2 centaur skeletons (D:15)
  3 gargoyles
  4 rime drakes
  10 torpor snails
  A pale draconian zombie (Depths:4)
  6 komodo dragons
  3 kobold demonologists (D:11)
  A komodo dragon (shapeshifter) (Depths:4)
  A tormentor (Depths:2)
  An efreet (D:13)
  5 human zombies
  24 yaktaurs
  4 tengu conjurers
  11 trolls
  10 tyrant leeches
  A hornet (shapeshifter) (D:15)
  20 hornets
  A meliai (Spider:2)
  21 tarantellas
  4 raiju (Abyss:3)
  Grinder (D:3)
  2 polar bears (Lair:5)
  6 blink frogs
  70 slime creatures
  A small abomination (Abyss:3)
  5 dream sheep (Lair:4)
  A centaur simulacrum (D:14)
  23 jumping spiders
  4 wyverns
  A vampire (D:12)
  9 spriggans
  2 shadows (D:11)
  5 wraiths
  3 hogs (Swamp:3)
  15 culicivoras
  3 fire bats (Depths:1)
  5 steam dragons
  46 yaks
  A ynoxinul (Abyss:3)
  Eustachio (D:4)
  24 vampire mosquitoes
  11 golden eyes
  2 fire elementals (D:14)
  4 basilisks
  A steam dragon (shapeshifter) (Depths:3)
  52 redbacks
  2 wargs (Orc:1)
  A tengu zombie (Depths:3)
  5 deep troll zombies
  16 swamp worms
  6 acid dragons
  A floating eye (Depths:4)
  11 swamp drakes
  16 water moccasins
  4 hell hounds (D:14)
  9 orc warriors
  3 sky beasts
  3 ice beasts
  A black bear (D:3)
  6 centaurs
  23 ogres
  The ghost of Azazsd the Trooper, an amateur DsCK of Xom (D:3)
  9 boggarts
  2 wolves (Lair:5)
  A phantom (D:4)
  4 kobold brigands
  9 bullfrogs
  2 gnoll sergeants
  5 scorpions
  6 wights
  10 killer bees
  10 howler monkeys
  5 electric eels
  2 centaur zombies
  2 crimson imps
  2 hounds (D:6)
  A bullfrog zombie (D:5)
  2 gnoll boudas
  21 orc priests
  A sleepcap (D:4)
  Jessica (D:2)
  Ijyb (D:5)
  Natasha (thrice) (D:4)
  10 iguanas
  7 hell rats (Lair:1)
  16 orc wizards
  16 gnolls
  13 adders
  A white imp (D:7)
  An adder zombie (D:5)
  A worm (D:3)
  3 dart slugs
  89 orcs
  8 ball pythons
  5 endoplasms
  2 giant cockroaches
  12 goblins
  10 hobgoblins
  5 jackals
  10 kobolds
  5 quokkas
  7 bats
  4 frilled lizards
  A hobgoblin zombie (D:3)
  A kobold skeleton (D:3)
  2 orc skeletons (D:3)
  2 orc zombies (D:3)
  4 rats
1453 creatures vanquished.

Vanquished Creatures (collateral kills)
  2 golden dragons
  2 doom hounds (Depths:2)
  A walking crystal tome (Depths:3)
  Grunn (Depths:2)
  A quicksilver dragon (Depths:4)
  3 acid blobs
  2 sphinxes
  4 tengu reavers
  An azure jelly (Slime:1)
  A rockslime (Slime:5)
  A storm dragon (Depths:3)
  6 fire giants
  3 emperor scorpions
  2 ironbound preservers
  A vault warden (Vaults:1)
  An orc warlord (Vaults:1)
  Louise (D:14)
  A very ugly thing (Depths:3)
  An ironbound thunderhulk (Vaults:2)
  A quicksilver ooze (Slime:1)
  3 stone giants
  A purple draconian (Depths:4)
  5 dire elephants
  A spark wasp (Depths:2)
  2 fire dragons
  5 great orbs of eyes
  An entropy weaver (Spider:3)
  A rakshasa (Depths:2)
  2 ice dragons (Depths:1)
  A jorogumo (Spider:3)
  A boulder beetle (Spider:3)
  An ironbound frostheart (Vaults:1)
  A two-headed ogre (Orc:2)
  A death scarab (Spider:2)
  3 deep troll earth magi
  A spriggan berserker (Depths:3)
  2 tengu warriors
  2 deep troll shamans
  2 hell knights (Depths:3)
  3 iron trolls
  9 deep trolls
  A glowing orange brain (Depths:3)
  3 ironbound convokers
  A lindwurm (Vaults:2)
  2 shining eyes
  A wolf spider (Spider:4)
  2 ugly things
  A manticore (D:14)
  2 demonic crawlers
  A vault sentinel (Vaults:1)
  2 guardian serpents (Depths:2)
  A torpor snail (Spider:4)
  An eye of devastation (Slime:5)
  2 yaktaurs (Vaults:1)
  3 tarantellas (Spider:4)
  2 culicivoras (Spider:4)
  10 slime creatures
  2 jumping spiders (Spider:4)
  A wraith (D:8)
  7 yaks
  6 redbacks
  A floating eye (Slime:5)
  3 ogres
  A boggart (Vaults:1)
  A jelly (D:4)
  An orc priest (D:3)
  An orc (D:4)
  2 ball pythons
  An endoplasm (D:1)
  A hobgoblin (D:1)
  4 jackals (D:1)
  A kobold (D:1)
  A goblin skeleton (D:3)
  A hobgoblin zombie (D:3)
  An orc zombie (D:3)
  A rat (D:1)
  3 butterflies (Lair:3)
159 creatures vanquished.

Vanquished Creatures (others)
  A ghost moth (Spider:4)
  A spark wasp (Spider:1)
  3 very ugly thing zombies
  An ice dragon (Depths:2)
  A spriggan zombie (Depths:3)
  2 spark wasp zombies (Depths:2)
  An iron dragon zombie (Depths:3)
  3 ugly thing zombies
  2 fire giant zombies (Depths:3)
  A wolf spider (Spider:1)
  A frost giant zombie (Depths:3)
  6 human zombies
  2 iron troll zombies (Depths:3)
  2 bloated husks
  A tyrant leech (Swamp:1)
  A great orb of eyes zombie (Vaults:4)
  A tarantella (Spider:3)
  A wraith (D:12)
  16 deep troll zombies
  A tengu zombie (Depths:3)
  A yaktaur zombie (Vaults:4)
  A killer bee (D:9)
  3 steam dragon zombies
  15 foxfires
  A lurking horror (Abyss:3)
  14 starspawn tentacles (Abyss:3)
83 creatures vanquished.

Grand Total: 1695 creatures vanquished

Notes
Turn   | Place    | Note
-------+----------+-------------------------------------------
     0 | D:1      | kamileon1 the Gnoll Hedge Wizard began the quest for the
                  | Orb.
     0 | D:1      | Reached XP level 1. HP: 13/13 MP: 8/8
    59 | D:1      | Reached XP level 2. HP: 19/19 MP: 1/10
   197 | D:1      | Learned a level 2 spell: Call Imp
   200 | D:1      | Learned a level 2 spell: Blink
   523 | D:1      | Reached XP level 3. HP: 25/25 MP: 9/11
   584 | D:1      | Reached skill level 1 in Invocations
   749 | D:1      | Reached skill level 1 in Fighting
   749 | D:1      | Reached skill level 1 in Short Blades
   749 | D:1      | Reached skill level 1 in Long Blades
   749 | D:1      | Reached skill level 1 in Axes
   749 | D:1      | Reached skill level 1 in Maces & Flails
   749 | D:1      | Reached skill level 1 in Polearms
   749 | D:1      | Reached skill level 1 in Staves
   749 | D:1      | Reached skill level 1 in Ranged Weapons
   749 | D:1      | Reached skill level 1 in Throwing
   749 | D:1      | Reached skill level 1 in Armour
   749 | D:1      | Reached skill level 1 in Shields
   749 | D:1      | Reached skill level 1 in Unarmed Combat
   749 | D:1      | Reached skill level 1 in Evocations
   846 | D:1      | Learned a level 3 spell: Mephitic Cloud
   899 | D:1      | Found Ywusirill's Antique Armour Shoppe.
  1111 | D:1      | Found Jomeusch's Book Shoppe.
  1261 | D:2      | Reached XP level 4. HP: 32/32 MP: 8/13
  1401 | D:2      | Noticed Jessica
  1406 | D:2      | Killed Jessica
  1407 | D:2      | Reached skill level 1 in Hexes
  1407 | D:2      | Reached skill level 1 in Necromancy
  1407 | D:2      | Reached skill level 1 in Transmutations
  1407 | D:2      | Reached skill level 1 in Fire Magic
  1407 | D:2      | Reached skill level 1 in Ice Magic
  1407 | D:2      | Reached skill level 1 in Air Magic
  1407 | D:2      | Reached skill level 1 in Earth Magic
  1407 | D:2      | Reached skill level 1 in Poison Magic
  2405 | D:3      | Found a transporter.
  2420 | D:3      | Noticed Grinder
  2422 | D:3      | Reached XP level 5. HP: 37/37 MP: 10/14
  2430 | D:3      | Paralysed by Grinder for 4 turns
  2551 | D:3      | Noticed an ogre
  2696 | D:3      | Noticed an ice beast
  2728 | D:3      | Found a transporter.
  2737 | D:3      | Found a glowing golden altar of the Shining One.
  3092 | D:3      | Noticed Azazsd's ghost (amateur DsCK)
  3572 | D:3      | Reached XP level 6. HP: 44/44 MP: 14/16
  3877 | D:4      | Reached skill level 5 in Dodging
  4479 | D:4      | Noticed Natasha
  4484 | D:4      | Killed Natasha
  4561 | D:4      | Noticed a black bear
  4631 | D:4      | Noticed Natasha
  4642 | D:4      | Killed Natasha
  5245 | D:4      | Noticed Natasha
  5252 | D:4      | Killed Natasha
  5253 | D:4      | Reached XP level 7. HP: 44/50 MP: 13/18
  5350 | D:4      | Identified the +0 whip "Sopsev" {spect, rElec}
  5600 | D:5      | Entered Level 5 of the Dungeon
  5898 | D:5      | Noticed Ijyb
  5902 | D:5      | Killed Ijyb
  6008 | D:4      | Reached skill level 5 in Stealth
  6253 | D:4      | Reached XP level 8. HP: 40/58 MP: 12/19
  6436 | D:5      | Noticed Eustachio
  6591 | D:4      | Killed Eustachio
  6972 | D:5      | Found a sacrificial altar of Ru.
  7593 | D:6      | Found a staircase to the Ecumenical Temple.
  7660 | D:6      | Reached XP level 9. HP: 43/65 MP: 19/21
  8073 | D:1      | Bought a pair of boots for 94 gold pieces
  8547 | D:6      | Found a glowing silver altar of Zin.
  8885 | D:7      | Identified the amulet of Fuvevuwn {Reflect rElec SH+5 SInv}
  9027 | D:7      | Found a hide-covered altar of Uskayaw.
  9028 | D:7      | Noticed a +0 hand axe
  9029 | D:7      | Noticed a +0 dagger
  9476 | D:7      | Found an iron altar of Okawaru.
  9481 | D:7      | Noticed Joseph
  9570 | D:7      | Found Oddaun's Armour Boutique.
  9577 | D:7      | Bought a +2 pair of boots for 247 gold pieces
  9693 | D:7      | Reached skill level 5 in Invocations
 10268 | D:7      | Killed Joseph
 10340 | D:7      | Found a radiant altar of Vehumet.
 10341 | D:7      | Found a burning altar of Makhleb.
 10630 | Temple   | Entered the Ecumenical Temple
 10645 | Temple   | Became a worshipper of Sif Muna the Loreminder
 10655 | D:6      | Learned a level 2 spell: Poisonous Vapours
 10658 | D:6      | Learned a level 2 spell: Cigotuvi's Dreadful Rot
 10712 | D:8      | Noticed Amaemon
 11304 | D:8      | Noticed a hornet
 11311 | D:8      | Killed a hornet
 11312 | D:8      | Reached skill level 5 in Fighting
 11312 | D:8      | Reached skill level 5 in Short Blades
 11312 | D:8      | Reached skill level 5 in Long Blades
 11312 | D:8      | Reached skill level 5 in Axes
 11312 | D:8      | Reached skill level 5 in Maces & Flails
 11312 | D:8      | Reached skill level 5 in Polearms
 11312 | D:8      | Reached skill level 5 in Staves
 11312 | D:8      | Reached skill level 5 in Ranged Weapons
 11312 | D:8      | Reached skill level 5 in Throwing
 11312 | D:8      | Reached skill level 5 in Armour
 11312 | D:8      | Reached skill level 5 in Shields
 11312 | D:8      | Reached skill level 5 in Unarmed Combat
 11312 | D:8      | Reached skill level 5 in Evocations
 11312 | D:8      | Reached XP level 10. HP: 74/74 MP: 11/22
 11774 | D:8      | Found a staircase to the Lair.
 12052 | D:8      | Found a snail-covered altar of Cheibriados.
 12053 | D:8      | Found a white marble altar of Elyvilon.
 12058 | D:8      | Found an ornate altar of the Wu Jian Council.
 12186 | D:7      | Learned a level 4 spell: Flame Wave
 12522 | D:8      | Reached skill level 5 in Conjurations
 12522 | D:8      | Reached skill level 5 in Summonings
 12522 | D:8      | Reached skill level 5 in Translocations
 12556 | D:8      | Noticed an orange demon
 12623 | D:8      | Killed an orange demon
 13010 | D:9      | Noticed a two-headed ogre
 13337 | D:8      | Killed Amaemon
 13507 | D:8      | Reached * piety under Sif Muna
 13640 | D:9      | Killed a two-headed ogre
 13709 | D:9      | Found Kuqeredgh's Antique Armour Shop.
 13730 | D:9      | Noticed Maurice
 13819 | D:9      | Reached skill level 5 in Hexes
 13819 | D:9      | Reached skill level 5 in Necromancy
 13819 | D:9      | Reached skill level 5 in Transmutations
 13819 | D:9      | Reached skill level 5 in Fire Magic
 13819 | D:9      | Reached skill level 5 in Ice Magic
 13819 | D:9      | Reached skill level 5 in Air Magic
 13819 | D:9      | Reached skill level 5 in Earth Magic
 13819 | D:9      | Reached skill level 5 in Poison Magic
 13826 | D:8      | Reached XP level 11. HP: 61/81 MP: 24/24
 14103 | D:9      | Killed Maurice
 14703 | Lair:1   | Entered Level 1 of the Lair of Beasts
 15944 | Lair:2   | Found a gate leading to a gauntlet.
 15965 | Gauntlet | Entered a Gauntlet
 15965 | Gauntlet | Noticed a tengu warrior
 15965 | Gauntlet | Found a transporter.
 15965 | Gauntlet | Found a transporter.
 15965 | Gauntlet | Found a runed translucent door.
 15965 | Gauntlet | Found a runed translucent door.
 15971 | Gauntlet | Found a transporter.
 15983 | Gauntlet | Found a transporter.
 15997 | Gauntlet | Found a large runed translucent door.
 15998 | Gauntlet | Found a large runed translucent door.
 15999 | Gauntlet | Found a large runed translucent door.
 15999 | Gauntlet | Found a large runed translucent door.
 15999 | Gauntlet | Found a large runed translucent door.
 15999 | Gauntlet | Found a large runed translucent door.
 15999 | Gauntlet | Found a large runed translucent door.
 15999 | Gauntlet | Found a large runed translucent door.
 16000 | Gauntlet | Found a runed translucent door.
 16000 | Gauntlet | Found a runed translucent gate.
 16001 | Gauntlet | Found a transporter.
 16001 | Gauntlet | Found a runed translucent gate.
 16001 | Gauntlet | Found a transporter.
 16001 | Gauntlet | Found a transporter.
 16003 | Gauntlet | Found a transporter.
 16003 | Gauntlet | Found a transporter.
 16008 | Gauntlet | Found a runed translucent door.
 16009 | Gauntlet | Noticed a cyan ugly thing
 16009 | Gauntlet | Noticed a brown ugly thing
 16009 | Gauntlet | Noticed a great orb of eyes
 16015 | Gauntlet | Found a transporter.
 16031 | Gauntlet | Found a transporter.
 16033 | Gauntlet | Found a runed translucent door.
 16038 | Gauntlet | Noticed a large abomination
 16039 | Gauntlet | Noticed a large abomination
 16040 | Gauntlet | Found a runed translucent gate.
 16041 | Gauntlet | Found a transporter.
 16041 | Gauntlet | Found a runed translucent gate.
 16042 | Gauntlet | Found a runed translucent gate.
 16055 | Gauntlet | Found a transporter.
 16081 | Gauntlet | Found a large runed translucent door.
 16082 | Gauntlet | Found a large runed translucent door.
 16083 | Gauntlet | Found a large runed translucent door.
 16083 | Gauntlet | Found a large runed translucent door.
 16083 | Gauntlet | Found a large runed translucent door.
 16083 | Gauntlet | Found a large runed translucent door.
 16084 | Gauntlet | Found a runed translucent gate.
 16084 | Gauntlet | Found a large runed translucent door.
 16084 | Gauntlet | Found a runed translucent door.
 16084 | Gauntlet | Found a large runed translucent door.
 16089 | Gauntlet | Found a transporter.
 16089 | Gauntlet | Noticed a moth of wrath
 16175 | Lair:2   | Identified the +2 pair of gloves "Vatiuph" {rN+ Dex+3}
 16257 | Lair:2   | Reached ** piety under Sif Muna
 16560 | Lair:2   | Reached skill level 10 in Spellcasting
 17038 | Lair:3   | Noticed a seven-headed hydra
 17187 | Lair:3   | Found a hole to the Spider Nest.
 17313 | Lair:3   | Learned a level 5 spell: Freezing Cloud
 17400 | Lair:3   | Killed a seven-headed hydra
 17401 | Lair:3   | Reached XP level 12. HP: 51/91 MP: 16/26
 17868 | Lair:3   | Noticed a five-headed hydra
 17875 | Lair:3   | Killed a five-headed hydra
 18231 | Lair:3   | Noticed an eight-headed hydra
 18238 | Lair:3   | Killed an eight-headed hydra
 18283 | Lair:3   | Found a staircase to the Swamp.
 18556 | Lair:4   | Noticed a skyshark
 18565 | Lair:4   | Killed a skyshark
 18748 | Lair:4   | Reached *** piety under Sif Muna
 18832 | Lair:4   | Noticed a four-headed hydra
 18855 | Lair:4   | Killed a four-headed hydra
 19089 | Lair:4   | Noticed a six-headed hydra
 19096 | Lair:4   | Killed a six-headed hydra
 19703 | Lair:5   | Entered Level 5 of the Lair of Beasts
 19726 | Lair:5   | Noticed a skyshark
 19900 | Lair:5   | Noticed a five-headed hydra
 19907 | Lair:5   | Killed a five-headed hydra
 19908 | Lair:5   | Reached XP level 13. HP: 90/98 MP: 22/27
 20148 | Lair:5   | Found a runed translucent door.
 20149 | Lair:5   | Found a viscous altar of Jiyva.
 20149 | Lair:5   | Noticed an azure jelly
 20150 | Lair:5   | Noticed an azure jelly
 20155 | Lair:5   | Found a staircase to the Slime Pits.
 20666 | Lair:5   | Learned a level 4 spell: Olgreb's Toxic Radiance
 21436 | Lair:5   | Reached **** piety under Sif Muna
 21633 | Lair:5   | Found a runed translucent door.
 21634 | Lair:5   | Noticed an ice dragon
 21767 | Lair:5   | Reached skill level 10 in Dodging
 22407 | Lair:5   | Noticed a fire dragon
 22415 | Lair:5   | Killed a fire dragon
 22416 | Lair:5   | Reached skill level 10 in Stealth
 22986 | Lair:5   | Killed an ice dragon
 22987 | Lair:5   | Reached skill level 10 in Invocations
 22987 | Lair:5   | Reached XP level 14. HP: 72/108 MP: 2/29
 23314 | D:10     | Entered Level 10 of the Dungeon
 23423 | D:10     | Found a stormy altar of Qazlal.
 23566 | D:10     | Reached ***** piety under Sif Muna
 24196 | D:11     | Received a gift from Sif Muna
 24201 | D:11     | Found a staircase to the Orcish Mines.
 24210 | D:11     | Got Sif Muna's Anthology of Bewitching Algor {god gift}
 24223 | D:11     | Identified the +1 whip "Riqif" {freeze, *Corrode rElec
                  | rN+++ Dex+3}
 25309 | D:12     | Learned a level 4 spell: Passage of Golubria
 25468 | D:12     | Learned a level 4 spell: Dispel Undead
 25738 | D:12     | Found a transporter.
 25738 | D:12     | Noticed Okkudo's ghost (journeyman HOFi)
 25740 | D:12     | Found a transporter.
 25750 | D:12     | Noticed a frost giant
 26446 | D:13     | Noticed Urug
 26454 | D:13     | Killed Urug
 26700 | D:13     | Found a gate to the Vaults.
 26799 | D:13     | Found Ucedoal's Vocational Training.
 27462 | D:13     | Noticed Frances
 27969 | D:14     | Noticed Louise
 28014 | D:14     | Noticed Azrael
 28028 | D:14     | Killed Azrael
 28172 | D:14     | Reached skill level 10 in Fighting
 28172 | D:14     | Reached skill level 10 in Short Blades
 28172 | D:14     | Reached skill level 10 in Long Blades
 28172 | D:14     | Reached skill level 10 in Axes
 28172 | D:14     | Reached skill level 10 in Maces & Flails
 28172 | D:14     | Reached skill level 10 in Polearms
 28172 | D:14     | Reached skill level 10 in Staves
 28172 | D:14     | Reached skill level 10 in Ranged Weapons
 28172 | D:14     | Reached skill level 10 in Throwing
 28172 | D:14     | Reached skill level 10 in Armour
 28172 | D:14     | Reached skill level 10 in Shields
 28172 | D:14     | Reached skill level 10 in Unarmed Combat
 28172 | D:14     | Reached skill level 10 in Evocations
 28370 | D:14     | Identified the +1 trident of a Thousand Wars {protect,
                  | Will++ Int-4 Dex+3 SInv}
 28381 | D:14     | Noticed Snorg
 28387 | D:14     | Killed Snorg
 28388 | D:14     | Reached XP level 15. HP: 112/115 MP: 17/31
 28556 | D:14     | Found a runed translucent door.
 28557 | D:14     | Identified the ring of Tomorrow {Ice rPois}
 28565 | D:14     | Noticed a lich
 28565 | D:14     | Noticed a fire giant
 28566 | D:14     | Noticed Amadud's ghost (journeyman GnWn)
 28566 | D:14     | Found a runed translucent door.
 28915 | D:15     | Entered Level 15 of the Dungeon
 29302 | D:15     | Received a gift from Sif Muna
 29303 | D:15     | Got Xuec's Folio of Heavy Bombardment {god gift}
 29909 | D:15     | Noticed Jorgrun
 30738 | D:3      | Found a transporter.
 30826 | D:3      | Found a glowing golden altar of the Shining One.
 30848 | D:3      | Killed Grinder
 30860 | D:3      | Found a transporter.
 30896 | D:3      | Killed Azazsd's ghost
 31573 | Spider:1 | Entered Level 1 of the Spider Nest
 32291 | Spider:1 | Noticed Mlioglotl
 32402 | Swamp:1  | Entered Level 1 of the Swamp
 32470 | Swamp:1  | Identified the +1 robe "Varuacke" {*Corrode rElec Str+3
                  | Archmagi}
 33236 | Swamp:1  | Noticed a fenstrider witch
 33260 | Swamp:1  | Killed a fenstrider witch
 33669 | Swamp:2  | You fall into a shaft and drop 1 floor!
 33832 | Swamp:3  | Noticed Kirke
 33842 | Swamp:3  | Killed Kirke
 34418 | Swamp:2  | Reached XP level 16. HP: 120/124 MP: 27/32
 35627 | Swamp:2  | Found a basalt altar of Yredelemnul.
 36765 | Swamp:4  | Entered Level 4 of the Swamp
 37845 | Swamp:4  | Received a gift from Sif Muna
 37846 | Swamp:4  | Got Tadips's Elucidation of Different Breath {god gift}
 38062 | Swamp:4  | Reached skill level 10 in Conjurations
 38062 | Swamp:4  | Reached skill level 10 in Summonings
 38062 | Swamp:4  | Reached skill level 10 in Translocations
 38268 | Swamp:4  | Identified the +0 pair of gloves of Inaction {Rampage}
 38340 | Swamp:4  | Noticed the 27-headed Lernaean hydra
 38519 | Swamp:4  | Killed the 27-headed Lernaean hydra
 38822 | Swamp:4  | Got a decaying rune of Zot
 39113 | Swamp:4  | Learned a level 5 spell: Yara's Violent Unravelling
 39510 | Spider:1 | Noticed an Executioner
 39670 | Spider:2 | Identified the +8 war axe "Maont" {protect, rN+ Will+
                  | rCorr}
 39697 | Spider:2 | Reached XP level 17. HP: 119/133 MP: 18/34
 40061 | Spider:1 | Killed Mlioglotl
 40062 | Spider:1 | Reached skill level 10 in Hexes
 40062 | Spider:1 | Reached skill level 10 in Necromancy
 40062 | Spider:1 | Reached skill level 10 in Transmutations
 40062 | Spider:1 | Reached skill level 10 in Fire Magic
 40062 | Spider:1 | Reached skill level 10 in Ice Magic
 40062 | Spider:1 | Reached skill level 10 in Air Magic
 40062 | Spider:1 | Reached skill level 10 in Earth Magic
 40062 | Spider:1 | Reached skill level 10 in Poison Magic
 40325 | Spider:1 | Noticed Aizul
 40571 | Spider:1 | Killed Aizul
 40929 | Spider:1 | Learned a level 5 spell: Borgnjor's Vile Clutch
 41422 | Spider:2 | Received a gift from Sif Muna
 41423 | Spider:2 | Got Ponuighi's Handbook of Haze and the Missiles {god gift}
 41430 | Spider:2 | Learned a level 4 spell: Summon Lightning Spire
 41725 | Spider:2 | Noticed Arachne
 42201 | Spider:2 | Found the +9 staff of Olgreb {rPois∞}
 42213 | Spider:2 | Identified the +5 ring mail of True Grit {Str+2}
 43070 | Spider:2 | Killed Arachne
 45735 | Spider:4 | Entered Level 4 of the Spider Nest
 46544 | Spider:4 | Found a runed translucent door.
 46546 | Spider:4 | Noticed jfcaron's ghost (adept GnBe)
 46818 | Spider:4 | Reached XP level 18. HP: 141/141 MP: 27/36
 47533 | Spider:4 | Received a gift from Sif Muna
 48614 | Spider:4 | Identified the +3 leather armour of Resilience {Will++}
 48633 | Spider:4 | Got a gossamer rune of Zot
 49125 | D:12     | Killed Okkudo's ghost
 49626 | D:13     | Found Ucedoal's Vocational Training.
 49742 | D:13     | Found a gate to the Vaults.
 50048 | D:13     | Killed Frances
 50243 | D:14     | Killed a lich
 50543 | D:14     | Killed Amadud's ghost
 50879 | D:14     | Killed Louise
 51415 | D:15     | Found a staircase to the Depths.
 51425 | D:15     | Received a gift from Sif Muna
 51427 | D:15     | Got Sif Muna's Handbook of Lethal Nephomancy {god gift}
 51516 | D:15     | Found a staircase to the Depths.
 51573 | D:15     | Killed Jorgrun
 52533 | Orc:1    | Entered Level 1 of the Orcish Mines
 52599 | Orc:2    | Entered Level 2 of the Orcish Mines
 52702 | Orc:2    | Found a staircase to the Elven Halls.
 53519 | Orc:2    | Found Zioczol's Antique Armour Shop.
 53905 | Orc:1    | Received a gift from Sif Muna
 53906 | Orc:1    | Got Sif Muna's Directory of the Gift and Evolution {god
                  | gift}
 54027 | Orc:2    | Found Domeppedgh's Jewellery Shop.
 54042 | Orc:2    | Found Oremusu's Armour Emporium.
 54065 | Orc:2    | Found Upnuah's Armour Boutique.
 54228 | Orc:2    | Bought a +0 helmet of intelligence for 115 gold pieces
 54798 | Spider:4 | Killed jfcaron's ghost
 54799 | Spider:4 | Reached XP level 19. HP: 111/149 MP: 16/37
 55252 | Orc:2    | Bought a ring of see invisible for 180 gold pieces
 55437 | Vaults:1 | Entered Level 1 of the Vaults
 55971 | Vaults:1 | Reached skill level 15 in Spellcasting
 57582 | Vaults:1 | Found the +10 Black Knight's barding {ponderous, rPois rN+}
 57963 | Vaults:1 | Received a gift from Sif Muna
 57985 | Vaults:1 | Got Sif Muna's Incunabulum of Obstruction and the Legion
                  | {god gift}
 59714 | Vaults:2 | Reached skill level 15 in Invocations
 60405 | Vaults:2 | Found a staircase to the Crypt.
 60423 | Vaults:2 | Paralysed by a vampire knight for 5 turns
 60727 | Vaults:2 | Reached XP level 20. HP: 131/153 MP: 16/39
 61053 | Vaults:2 | Learned a level 4 spell: Iskenderun's Mystic Blast
 61059 | Vaults:2 | Learned a level 5 spell: Irradiate
 61712 | Vaults:3 | Learned a level 4 spell: Animate Dead
 61812 | Vaults:3 | Identified the +4 shortbow of Lies {drain, rElec SInv}
 62165 | Vaults:3 | Received a gift from Sif Muna
 62214 | Abyss:2  | Cast into level 2 of the Abyss (a wizard)
 62510 | Abyss:3  | Found a corrupted altar of Lugonu.
 62615 | Abyss:3  | Noticed a bone dragon
 62678 | Vaults:3 | Escaped the Abyss
 63770 | Vaults:4 | Paralysed by a great orb of eyes for 3 turns
 63859 | Vaults:4 | Reached skill level 15 in Dodging
 64382 | Vaults:4 | Received a gift from Sif Muna
 64385 | Vaults:4 | Got Ronefaros's Atlas of Familiar Malevolent Words {god
                  | gift}
 64634 | Vaults:4 | Reached skill level 15 in Stealth
 65577 | Vaults:4 | Learned a level 5 spell: Summon Mana Viper
 66204 | Depths:1 | Entered Level 1 of the Depths
 66376 | Depths:1 | Reached XP level 21. HP: 119/166 MP: 15/41
 66539 | Depths:1 | Found Afurighioxo's Assorted Antiques.
 66634 | Depths:1 | Found a gateway to Hell.
 67028 | Depths:1 | Found a radiant altar of Vehumet.
 67726 | Depths:2 | Noticed Asterion
 67732 | Depths:2 | Killed Asterion
 68108 | Depths:2 | Found an opulent altar of Gozag.
 68108 | Depths:2 | Noticed a golden dragon
 68109 | Depths:2 | Found Gozag's Assorted Antiques.
 68109 | Depths:2 | Found Gozag's Assorted Antiques.
 68306 | Depths:2 | Found a one-way gate leading to the halls of Pandemonium.
 68358 | Depths:2 | Noticed Mara
 68460 | Depths:2 | Found Gozag's Assorted Antiques.
 68478 | Depths:2 | Noticed Grunn
 68946 | Depths:2 | Bought a scroll of teleportation for 300 gold pieces
 68946 | Depths:2 | Bought a scroll of blinking for 750 gold pieces
 68979 | Depths:2 | Killed Grunn
 69305 | Depths:2 | Reached skill level 15 in Fighting
 69305 | Depths:2 | Reached skill level 15 in Short Blades
 69305 | Depths:2 | Reached skill level 15 in Long Blades
 69305 | Depths:2 | Reached skill level 15 in Axes
 69305 | Depths:2 | Reached skill level 15 in Maces & Flails
 69305 | Depths:2 | Reached skill level 15 in Polearms
 69305 | Depths:2 | Reached skill level 15 in Staves
 69305 | Depths:2 | Reached skill level 15 in Ranged Weapons
 69305 | Depths:2 | Reached skill level 15 in Throwing
 69305 | Depths:2 | Reached skill level 15 in Armour
 69305 | Depths:2 | Reached skill level 15 in Shields
 69305 | Depths:2 | Reached skill level 15 in Unarmed Combat
 69305 | Depths:2 | Reached skill level 15 in Evocations
 69312 | Depths:2 | Received a gift from Sif Muna
 69313 | Depths:2 | Got Sif Muna's Secrets of Ouranomancy {god gift}
 70070 | Depths:2 | Killed a golden dragon
 70460 | Depths:3 | Noticed a golden dragon
 71241 | Depths:3 | Noticed a juggernaut
 71255 | Depths:3 | Killed a juggernaut
 71256 | Depths:3 | Reached XP level 22. HP: 95/175 MP: 5/42
 71419 | Depths:3 | Killed a golden dragon
 71580 | Depths:3 | Noticed a caustic shrike
 72157 | Depths:3 | Received a gift from Sif Muna
 72166 | Depths:3 | Got Sif Muna's Precepts of Resurrection and the
                  | Shapeshifter {god gift}
 72797 | Depths:3 | Found a one-way gateway to a ziggurat.
 73225 | Depths:3 | Killed a caustic shrike
 73355 | Depths:4 | Entered Level 4 of the Depths
 74000 | Depths:4 | Paralysed by a vampire knight for 4 turns
 74117 | Depths:4 | Paralysed by a floating eye for 4 turns
 74219 | Depths:4 | Found a broken altar of Ashenzari.
 74399 | Depths:4 | Found a one-way gate to the infinite horrors of the Abyss.
 75169 | Depths:4 | Noticed a golden dragon
 75185 | Depths:4 | Killed a golden dragon
 75288 | Depths:4 | Found a gate to the Realm of Zot.
 75767 | Slime:1  | Entered Level 1 of the Pits of Slime
 77051 | Slime:1  | Received a gift from Sif Muna
 77394 | Slime:3  | Noticed Dissolution
 77402 | Slime:2  | Gained mutation: You passively map a small area around you.
                  | [a shining eye]
 77405 | Slime:2  | Gained mutation: You sometimes lose your temper in combat.
                  | [a shining eye]
 77601 | Slime:5  | Entered Level 5 of the Pits of Slime
 77629 | Slime:4  | Reached XP level 23. HP: 172/183 MP: 32/44
 77689 | Slime:5  | Gained mutation: You have a pair of small horns on your
                  | head. [a shining eye]
 77882 | Slime:5  | Gained mutation: Your magical capacity is low. (-10% MP) [a
                  | shining eye]
 78046 | Slime:5  | Noticed the Royal Jelly
 78095 | Slime:5  | Received a gift from Sif Muna
 78328 | Slime:5  | Found a viscous altar of Jiyva.
 78652 | Slime:5  | Paralysed by a great orb of eyes for 4 turns
 78653 | Slime:5  | HP: 3/184 [the Royal Jelly (16)]
 78653 | Slime:5  | Splashed by the Royal Jelly's acid

Illustrated notes

Levels and vault maps discovered:
D:1:      shiori_arrival_oz, layout_basic, serial_shops, shop,
          nicolae_shop_hallway_stairs, minmay_hexomino_c4
D:2:      layout_basic, uniq_jessica
D:3:      layout_loops_ring, nicolae_tso_besieged_by_evil,
          gammafunk_ghost_arena, uniq_grinder
D:4:      layout_layer_cave, corexii_shack, uniq_natasha
D:5:      layout_cave_pools, nicolae_ru_awakened_eye, serial_undead,
          serial_undead_b, serial_undead_f, serial_undead_b, serial_undead_f,
          uniq_eustachio, uniq_ijyb
D:6:      layout_loops_corners, zin_statuary,
          minmay_temple_entry_drinking_statues
D:7:      layout_cave_pods, grunt_temple_overflow_lords_of_destruction,
          mainiacjoe_overflow_boulevard, dancing_weapons_uskayaw, serial_shops,
          shop, grunt_tough_drop, uniq_joseph
D:8:      layout_basic, minitemple, david_lair_shrubbed, grunt_ministairs_4,
          kennysheep_generic_room_11, uniq_amaemon
D:9:      layout_rooms, serial_shops, nicolae_shop_trees, st_stairs_4,
          uniq_maurice
D:10:     layout_basic, kennysheep_mini_moat
D:11:     layout_roguey, hiddenorc1_lemuel
D:12:     layout_loops_ring, gammafunk_ghost_arena
D:13:     layout_irregular_city, david_vaults_2,
          hangedman_abyss_or_decor_lesser_grid, nicolae_shop_vocational,
          uniq_frances, uniq_urug
D:14:     layout_roguey, muffindrake_ghost_dual_entry, kennysheep_boxes,
          uniq_snorg, uniq_louise, uniq_azrael
D:15:     grunt_enter_depths_magical_seal, layout_basic, minivault_23,
          uniq_jorgrun
Temple:   minmay_freezing_vapour_temple
Lair:1:   layout_loops_ring, grunt_megastairs_5, infiniplex_staircase_pool_2
Lair:2:   layout_chaotic_city, gauntlet_entry_generic,
          cheibrodos_lair_reptile_den, lemuel_fruit_tree
Lair:3:   layout_cave_pods, palyth_hydra_swamp_entry,
          nicolae_spider_entry_tight_spaces, lemuel_fruit_fields,
          serial_bayou_shore_a
Lair:4:   layout_regular_city
Lair:5:   guppyfry_lair_end_dragon, layout_loops_ring, wormcave, slime_entry_2,
          serial_bayou, serial_bayou_ford_a, serial_bayou_crossing,
          serial_bayou_pond_a, serial_bayou_lake_a, serial_bayou_lagoon_a,
          kilobyte_rumbling_trees
Swamp:1:  layout_basic_swamp, evilmike_swamp_ruin_rubble_2
Swamp:2:  layout_falls_marsh, nicolae_swamp_godswood, infiniplex_staircase_pool
Swamp:3:  layout_falls_marsh, evilmike_swamp_ruin_house_3,
          hangedman_swamp_blocks, uniq_kirke
Swamp:4:  grunt_swamp_rune_castle, layout_basic_swamp
Spider:1: layout_spider_delve, uniq_mlioglotl, uniq_aizul
Spider:2: nicolae_spider_corner, uniq_arachne
Spider:3: layout_spider_delve
Spider:4: grunt_spider_rune_circles, gammafunk_ghost_grave
Slime:1:  layout_caves
Slime:2:  layout_caves
Slime:3:  layout_caves, cheibrodos_slime_lost_civilization_7, uniq_dissolution
Slime:4:  cheibrodos_slime_lost_civilization_10, layout_caves
Slime:5
Orc:1:    layout_diamond_mine, minmay_orc_temple_b
Orc:2:    st_orc_open, layout_diamond_mine
Vaults:1: v_misc_14, vaults_dpeg_diagonal, nicolae_vaults_little_squares_1,
          nicolae_vaults_wrenched, v_misc_16, nicolae_vaults_tangram_2,
          v_rooms_4, nicolae_vaults_theta, v_pattern_1,
          vaults_mumra_minichess_inversion, nicolae_vaults_trapezoid_lopsided_1,
          nicolae_vaults_stepped_doors, hangedman_vaults_snaps,
          nicolae_vaults_offset_grid_hallway_1, vaults_room_stairs_pillars,
          ontoclasm_vaults_twist, layout_vaults_omnicross
Vaults:2: nicolae_vaults_little_squares_4, nicolae_vaults_little_squares_4,
          vaults_room_fours, nicolae_vaults_double_plus_3, v_misc_24,
          v_alt_pattern_5, minmay_crypt_entry_simple_round,
          nicolae_vaults_little_squares_4, hangedman_vaults_maws,
          layout_vaults_chaotic_city
Vaults:3: nicolae_vaults_trapezoid_lopsided_2, nicolae_vaults_network_barrier,
          v_pattern_5, nicolae_vaults_offset_grid_hallway_2,
          nicolae_vaults_puzzle_piece, nicolae_vaults_asterisk,
          nicolae_vaults_big_angled_halls, nicolae_vaults_ninety_degrees,
          nicolae_vaults_diamond_2, nicolae_vaults_wine_cellar,
          nicolae_vaults_closet_pinwheel_1, nicolae_vaults_layer_cake_slice,
          layout_vaults_ring
Vaults:4: vaults_mumra_hex, nicolae_vaults_circle_grid_a,
          nicolae_vaults_house_1, grunt_vaults_diagonal,
          nicolae_vaults_security_offices_6, nicolae_vaults_surprise_closet,
          nicolae_vaults_big_ls, nicolae_vaults_closet_pinwheel_1, v_misc_17,
          hangedman_vaults_river_flow, layout_vaults_omnigrid
Depths:1: layout_twisted_cross, roderic_lattice_a, serial_shops, shop,
          hell_entry, grunt_decor_junction, vehumet_crystals
Depths:2: kennysheep_gozag_temple, layout_gridlike, grunt_pan_entry_sceptre,
          mu_enter_wizlab_3, hell_entry, uniq_mara, uniq_grunn, uniq_asterion
Depths:3: minmay_dotted_concentric_squares, layout_honeycomb, enter_ziggurat_f,
          marbit_kobold_abyss_entry, grunt_hell_entry_dis_grunt, serial_shops,
          bzr_firewalk, grunt_decor_fettered
Depths:4: evilmike_zot_entry_gauntlet, layout_cave_pools, abyss_entry_glasseish,
          ashenzari_altar_1, pf_coc_iceberg

Skill      XL: |  1  2  3  4  5  6  7  8  9 10 11 12 13 14 15 16 17 18 19 20 21 22 23 |
---------------+----------------------------------------------------------------------+-----
Conjurations   | 2 3 4 5 6 7 8 9 10 11 12 13 | 13.9
Summonings     | 2 3 4 5 6 7 8 9 10 11 12 13 | 13.9
Translocations | 2 3 4 5 6 7 8 9 10 11 12 13 | 13.9
Invocations    | 1 2 3 4 5 6 7 8 10 11 12 13 14 15 16 17 | 17.4
Fighting       | 1 2 3 5 6 7 8 9 10 11 12 13 14 15 16 | 16.1
Short Blades   | 1 2 3 5 6 7 8 9 10 11 12 13 14 15 16 | 16.1
Long Blades    | 1 2 3 5 6 7 8 9 10 11 12 13 14 15 16 | 16.1
Axes           | 1 2 3 5 6 7 8 9 10 11 12 13 14 15 16 | 16.1
Maces & Flails | 1 2 3 5 6 7 8 9 10 11 12 13 14 15 16 | 16.1
Polearms       | 1 2 3 5 6 7 8 9 10 11 12 13 14 15 16 | 16.1
Staves         | 1 2 3 5 6 7 8 9 10 11 12 13 14 15 16 | 16.1
Ranged Weapons | 1 2 3 5 6 7 8 9 10 11 12 13 14 15 16 | 16.1
Throwing       | 1 2 3 5 6 7 8 9 10 11 12 13 14 15 16 | 16.1
Armour         | 1 2 3 5 6 7 8 9 10 11 12 13 14 15 16 | 16.1
Shields        | 1 2 3 5 6 7 8 9 10 11 12 13 14 15 16 | 16.1
Unarmed Combat | 1 2 3 5 6 7 8 9 10 11 12 13 14 15 16 | 16.1
Evocations     | 1 2 3 5 6 7 8 9 10 11 12 13 14 15 16 | 16.1
Hexes          | 1 2 3 4 5 6 7 8 9 10 11 12 13 | 13.7
Necromancy     | 1 2 3 4 5 6 7 8 9 10 11 12 13 | 13.7
Transmutations | 1 2 3 4 5 6 7 8 9 10 11 12 13 | 13.7
Fire Magic     | 1 2 3 4 5 6 7 8 9 10 11 12 13 | 13.7
Ice Magic      | 1 2 3 4 5 6 7 8 9 10 11 12 13 | 13.7
Air Magic      | 1 2 3 4 5 6 7 8 9 10 11 12 13 | 13.7
Earth Magic    | 1 2 3 4 5 6 7 8 9 10 11 12 13 | 13.7
Poison Magic   | 1 2 3 4 5 6 7 8 9 10 11 12 13 | 13.7
Dodging        | 5 6 7 8 9 10 11 12 13 14 15 16 | 16.7
Stealth        | 5 6 7 8 9 10 11 12 13 14 15 16 | 16.6
Spellcasting   | 8 9 10 11 12 13 14 15 16 17 | 17.4

Action                     |  1- 3 |  4- 6 |  7- 9 | 10-12 | 13-15 | 16-18 | 19-21 | 22-24 || total
---------------------------+-------+-------+-------+-------+-------+-------+-------+-------++-------
  Melee: Dagger            |    34 |   175 |   375 |    33 |       |       |       |       ||   617
         Bite              |     3 |    18 |    49 |    89 |   160 |   168 |   173 |    89 ||   749
         Punch             |       |     1 |     8 |    29 |    39 |       |       |       ||    77
         Demon whip        |       |       |       |   560 |   696 |    15 |       |       ||  1271
         Scimitar          |       |       |       |    24 |       |       |       |       ||    24
         Demon blade       |       |       |       |       |   195 |   823 |   785 |   343 ||  2146
         Headbutt          |       |       |       |       |       |       |       |    36 ||    36
   Cast: Magic Dart        |    84 |   199 |    27 |       |       |       |     1 |       ||   311
         Call Imp          |     3 |    17 |     9 |     2 |       |       |       |       ||    31
         Mephitic Cloud    |       |       |    26 |    22 |    13 |     6 |     2 |       ||    69
         Poisonous Vapours |       |       |    27 |    55 |    59 |       |       |       ||   141
         Flame Wave        |       |       |       |     9 |     9 |       |       |       ||    18
         Freezing Cloud    |       |       |       |    17 |   121 |   177 |   104 |    42 ||   461
         Olgreb's Toxic Ra |       |       |       |       |    93 |   208 |    82 |    16 ||   399
         Dispel Undead     |       |       |       |       |     6 |    46 |    18 |    16 ||    86
         Passage of Golubr |       |       |       |       |     3 |     1 |     2 |       ||     6
         Blink             |       |       |       |       |     1 |       |       |       ||     1
         Summon Lightning  |       |       |       |       |       |    74 |    83 |    37 ||   194
         Yara's Violent Un |       |       |       |       |       |     4 |     2 |     1 ||     7
         Borgnjor's Vile C |       |       |       |       |       |    17 |   119 |    70 ||   206
         Animate Dead      |       |       |       |       |       |       |    13 |     6 ||    19
         Irradiate         |       |       |       |       |       |       |     5 |    23 ||    28
         Summon Mana Viper |       |       |       |       |       |       |     6 |     9 ||    15
 Invoke: Forget Spell      |       |       |       |       |     1 |     1 |       |       ||     2
         Channel Magic     |       |       |       |       |       |     1 |     1 |     1 ||     3
  Evoke: Wand              |       |       |       |     6 |     4 |    20 |       |    12 ||    42
         Box of beasts     |       |       |       |       |       |     1 |       |       ||     1
    Use: Scroll            |       |       |     8 |    15 |    13 |    15 |    18 |     2 ||    71
         Potion            |       |       |     1 |     1 |     6 |     3 |     3 |     2 ||    16
   Stab: Distracted        |       |     1 |       |     2 |     3 |     7 |    15 |     9 ||    37
         Confused          |       |       |    10 |     5 |     7 |     2 |       |       ||    24
         Sleeping          |       |       |     5 |     8 |     8 |     2 |    10 |     5 ||    38
 Armour: Robe              |    13 |    50 |   109 |    63 |       |       |       |       ||   235
         Steam dragon scal |       |       |       |   126 |   294 |     6 |       |       ||   426
         Swamp dragon scal |       |       |       |       |       |   414 |       |       ||   414
         Ice dragon scales |       |       |       |       |       |    33 |   269 |    45 ||   347
         Fire dragon scale |       |       |       |       |       |       |    57 |    60 ||   117
  Dodge: Dodged            |    43 |   132 |   229 |   320 |   579 |   792 |   511 |   221 ||  2827
  Block: Other             |       |       |    14 |    68 |       |       |       |       ||    82
         Reflection        |       |       |     3 |       |       |     4 |       |       ||     7
         Tower shield      |       |       |       |   125 |       |       |       |       ||   125
         Buckler           |       |       |       |       |    89 |   486 |   194 |       ||   769
         Kite shield       |       |       |       |       |       |       |   153 |   219 ||   372
